 Dungeon Crawl Stone Soup version 0.24.0-13-gcf9b319 (webtiles) character file.

Game seed: 4836695868448720236, levelgen mode: deterministic

30 Bronimir the Grasshopper (level 3, -8/29 HPs)
             Began as a Centaur Warper on Mar 30, 2020.
             Killed from afar by an orc wizard (9 damage)
             ... with a magic dart
             ... on level 2 of the Dungeon.
             The game lasted 00:01:58 (1073 turns).

Bronimir the Grasshopper (Centaur Warper)           Turns: 1073, Time: 00:01:59

Health: -8/29      AC:  5    Str: 14    XL:     3   Next: 3%
Magic:  1/5        EV:  9    Int: 12    God:
Gold:   30         SH:  0    Dex:  8    Spells: 1/5 levels left

rFire    . . .     SeeInvis .   a - +0 falchion
rCold    . . .     Gourm    .   (no shield)
rNeg     . . .     Faith    .   c - +0 leather armour
rPois    .         Spirit   .   (no helmet)
rElec    .         Reflect  .   (no cloak)
rCorr    .         Harm     .   k - +0 pair of gloves
MR       .....                  (no barding)
Stlth    ..........             (no amulet)
HPRegen  0.09/turn              (no ring)
MPRegen  0.09/turn              (no ring)

@: shrouded, very quick
A: large, hooves 3, deformed body, speed 2, tough skin 3
a: no special abilities


You were on level 2 of the Dungeon.
You were not hungry.

You visited 1 branch of the dungeon, and saw 2 of its levels.

You collected 30 gold pieces.

Inventory:

Hand Weapons
 a - a +0 falchion (weapon)
 b - a +0 hunting sling
 l - a +0 spear
Missiles
 e - 5 boomerangs of dispersal (quivered)
 n - 47 arrows
 q - 21 stones
Armour
 c - a +0 leather armour (worn)
 k - a +0 pair of gloves (worn)
 m - a +0 ring mail
Wands
 t - a wand of acid (4)
Scrolls
 d - 2 scrolls of blinking
 h - 2 scrolls of identify {unknown}
 j - 3 scrolls of remove curse {unknown}
 r - 2 scrolls of teleportation {unknown}
Potions
 g - a potion of degeneration {unknown}
 i - 2 potions of flight {unknown}
 o - a potion of heal wounds {unknown}
 p - a potion of resistance {unknown}
 s - a potion of might {unknown}
Comestibles
 f - 4 rations


   Skills:
 + Level 2.0 Fighting
 * Level 2.3 Long Blades
 + Level 0.7(1.2) Slings
 + Level 1.3(1.4) Throwing
 * Level 1.0 Armour
 + Level 1.5 Dodging
 + Level 1.8 Spellcasting
 + Level 2.7 Translocations


You had one spell level left.
You knew the following spells:

 Your Spells              Type           Power        Failure   Level  Hunger
a - Blink                 Tloc           N/A          16%         2    ###....
b - Shroud of Golubria    Chrm/Tloc      #.....       28%         2    ###....

Your spell library contained the following spells:

 Spells                   Type           Power        Failure   Level  Hunger
 Gell's Gravitas          Tloc           #.........   32%         3    ####...
 Lesser Beckoning         Tloc           #.........   32%         3    ####...
 Teleport Other           Tloc           #.......     32%         3    ####...
 Passage of Golubria      Tloc           N/A          71%         4    #####..


Dungeon Overview and Level Annotations

Branches:
Dungeon (2/15)

Altars:


Innate Abilities, Weirdness & Mutations

You have hooves in place of feet.
Armour fits poorly on your strangely shaped body.
You cover ground very quickly.
You have extremely tough skin. (AC +3)


Message History

You hit the orc wizard but do no damage.
The orc wizard is almost dead.
The orc wizard hits you with a +0 dagger.
* * * LOW HITPOINT WARNING * * *
The orc wizard hits you but does no damage.
You miss the orc wizard.
The orc wizard is almost dead.
The orc wizard points at you and mumbles some strange words.
The magic dart hits you.
* * * LOW HITPOINT WARNING * * *
The orc wizard points at you and mumbles some strange words.
The puff of flame misses you.
Cast which spell? (? or * to list)
You blink.
Casting: Blink (safe; 16% risk of failure)
Confirm with . or Enter, or press ? or * to list all spells.
Space distorts slightly along a thin shroud covering your body.
The orc wizard points at you and mumbles some strange words.
The magic dart hits you!
You die...

#### ..... ...#
..# #.### #@#.
##o## ##
#####(o.#####.#
.#
.(.(....(§....#
.#
####((.#####.#
.# #†)## #.# ..
#.## #.######.
#.# #.......##
#.# #........#


You could see an orc wizard and an orc.

Vanquished Creatures
  An ooze (D:1)
  A dart slug (D:1)
  A leopard gecko (D:1)
  3 giant cockroaches
  2 goblins
  3 jackals (D:1)
  6 bats
  A frilled lizard (D:1)
  2 kobolds (D:1)
  2 rats (D:1)
22 creatures vanquished.

Notes
Turn   | Place    | Note
-------+----------+-------------------------------------------
     0 | D:1      | Bronimir the Centaur Warper began the quest for the Orb.
     0 | D:1      | Reached XP level 1. HP: 17/17 MP: 3/3
   325 | D:1      | Reached XP level 2. HP: 24/24 MP: 4/4
   420 | D:1      | Learned a level 2 spell: Blink
   423 | D:1      | Learned a level 2 spell: Shroud of Golubria
   714 | D:1      | Reached skill level 1 in Armour
  1046 | D:2      | Reached XP level 3. HP: 27/29 MP: 5/5
  1071 | D:2      | HP: 1/29 [orc wizard/magic dart (5)]
  1073 | D:2      | Killed from afar by an orc wizard

Levels and vault maps discovered:
D:1:      giann_wishing_wells, layout_loops_ring, minmay_misc_feat_square
D:2:      layout_loops_ring, first_ration, kennysheep_cross_bottleneck,
          lightli_corner_chamber

Skill      XL: |  1  2 |
---------------+-------+-----
Long Blades    | 2 |  2.3
Armour         | 1 |  1.0
Fighting       | |  2.0
Slings         | |  0.7
Throwing       | |  1.3
Dodging        | |  1.5
Spellcasting   | |  1.8
Translocations | |  2.7

Action                   || total
-------------------------++-------
Melee: Falchion          ||    37
       Kick              ||     8
 Fire: Hunting sling     ||    60
 Cast: Blink             ||     1
       Shroud of Golubri ||     1
Armor: Leather armour    ||    55
Dodge: Dodged            ||    44
       Rpst.: Falchion   ||     7
